 Dungeon Crawl Stone Soup version 0.30-a0-691-g754fce4c43 (webtiles) character file.

Game seed: 7269999203147544057

393 Darius099 the Covered (level 6, 0/40 HPs)
             Began as a Gargoyle Fighter on Jan 19, 2023.
             Slain by an orc wizard
             ... wielding a +0 dagger
              (3 damage)
             ... on level 4 of the Dungeon.
             The game lasted 00:09:21 (3130 turns).

Darius099 the Covered (Gargoyle Fighter)            Turns: 3130, Time: 00:09:22

Health: 0/40       AC: 14    Str: 20    XL:     6   Next: 81%
Magic:  6/6        EV:  7    Int:  8    God:
Gold:   263        SH:  5    Dex: 11    Spells: 5/5 levels left

rFire   . . .      SeeInvis .    a - +0 flail
rCold   . . .      Faith    .    c - +0 buckler
rNeg    + . .      Spirit   .    r - +0 chain mail
rPois   ∞          Reflect  .    (no helmet)
rElec   +          Harm     .    (no cloak)
rCorr   .          Rampage  .    (no gloves)
Will    .....                    (no boots) Stlth
                                 (no amulet)
HPRegen 0.26/turn                (no ring)
MPRegen 0.10/turn                (no ring)

@: no status effects
A: sickness immunity, AC +4, negative energy resistance 1, electricity
resistance, torment resistance 1, petrification resistance
a: no special abilities


You were on level 4 of the Dungeon.
You visited 1 branch of the dungeon, and saw 4 of its levels.
You also visited: Sewer.

You collected 263 gold pieces.

Inventory:

Hand Weapons
 a - a +0 flail (weapon)
Armour
 b - a +0 scale mail
 c - a +0 buckler (worn)
 r - a +0 chain mail (worn)
Wands
 m - a wand of flame (17)
Scrolls
 e - 3 scrolls of identify {unknown}
 f - a scroll of magic mapping {unknown}
 g - a scroll of acquirement {unknown}
 j - 3 scrolls of amnesia {unknown}
 k - a scroll of enchant armour {unknown}
 n - 2 scrolls of blinking {unknown}
 p - 2 scrolls of teleportation
Potions
 d - a potion of might
 h - a potion of heal wounds {unknown}
 i - a potion of brilliance {unknown}
 l - a potion of mutation {unknown}
 o - 4 potions of flight
 q - 2 potions of curing {unknown}
 s - a potion of attraction {unknown}


   Skills:
 + Level 4.9 Fighting
 + Level 3.8 Maces & Flails
 + Level 5.0 Armour
 + Level 4.9 Shields


You had 5 spell levels left.
You didn't know any spells.
Your spell library contained the following spells:

 Spells                   Type           Power      Damage    Failure   Level
 Beastly Appendage        Tmut           0%         N/A       99%         1
 Wereblood                Tmut           0%         N/A       100%        2
 Ignite Poison            Fire/Tmut/Pois 0%         N/A       100%        3
 Kindle Blastsparks       Fire/Tloc/Air  0%         2d10      100%        3
 Spider Form              Tmut/Pois      0%         N/A       100%        3
 Animate Dead             Necr           0%         N/A       100%        4
 Petrify                  Tmut/Erth      0%         N/A       100%        4
 Freezing Cloud           Conj/Ice/Air   0%         6-21      100%        5
 Irradiate                Conj/Tmut      0%         3d11      100%        5
 Haunt                    Necr/Summ      0%         N/A       100%        7
 Infestation              Necr           0%         N/A       100%        8
 Sublimation of Blood     Necr           Unusable   N/A       N/A         2

Dungeon Overview and Level Annotations

Branches:
Dungeon (4/15)              Sewer (visited)
 Temple: D:4-7

Altars:


Innate Abilities, Weirdness & Mutations

You are immune to sickness and miasma.
Your stone body is resilient. (AC +4)
You are immune to poison.
You resist negative energy. (rN+)
You are resistant to electric shocks. (rElec)
You are resistant to unholy torment.
You are immune to petrification.


Message History

The adder bites you but does no damage.
You miss the adder. Something hits you.
You hear some strange, mumbled words.
A puff of flame appears from out of thin air!
The puff of flame hits you! You block the orc's attack.
The adder bites you but does no damage. Something hits you but does no damage.
The orc barely misses you. Something hits you but does no damage.
You hit the adder.
The adder is moderately wounded.
The adder bites you but does no damage. x2; You block the orc's attack.
Something completely misses you. Something hits you but does no damage.
You barely miss something. The adder bites you. The orc barely misses you.
You hear some strange, mumbled words.
Something tries to affect you, but you resist.
Something hits you but does no damage. The adder bites you but does no damage.
You barely miss something. Something hits you but does no damage.
The orc closely misses you. Something hits you but does no damage.
The adder barely misses you.
You barely miss something. The adder bites you but does no damage.
You hear some strange, mumbled words.
A magic dart appears from out of thin air!
The magic dart hits you. The orc hits you but does no damage.
Something hits you but does no damage. You block the adder's attack.
You miss something.
Something hits you but does no damage. x2
The orc barely misses you. The adder bites you but does no damage.
Something hits you but does no damage. x2; The orc hits you but does no damage.
You hit something but do no damage. The adder closely misses you.
The adder barely misses you. You block the orc's attack.
You hear some strange, mumbled words.
A magic dart appears from out of thin air!
The magic dart hits you!
* * * LOW HITPOINT WARNING * * *
Something hits you.
* * * LOW HITPOINT WARNING * * *
You sock something! The adder bites you.
* * * LOW HITPOINT WARNING * * *
Something hits you but does no damage. You block the orc's attack.
Something hits you but does no damage. The adder bites you but does no damage.
You closely miss something. Something hits you.
You die...

..##....###.........
......... ###....... ..
##......## #........ ...
#........####.......
................#.......
##..# ##...............
.....###..##............
...........##..........#
......{@............#.##
......S{o...........#.##
................##### ..
#.....(..#........# .
....##.).#..#....... .
.#.. #.....##..###.. .
## ..........## ..
......... .# ###
#.......... ...


You could see an adder and an orc.

Vanquished Creatures
  Sigmund (D:2)
  A sickly merfolk siren (Sewer)
  A malarious merfolk avatar (Sewer)
  5 adders
  2 gnolls (D:4)
  2 river rats (Sewer)
  2 dart slugs
  An orc (D:4)
  7 endoplasms
  5 giant cockroaches
  7 goblins
  6 hobgoblins
  17 jackals
  3 quokkas
  7 ball pythons
  A bat (D:2)
  5 frilled lizards (Sewer)
  7 kobolds
  26 rats
106 creatures vanquished.

Vanquished Creatures (others)
  2 fungi (D:4)
2 creatures vanquished.

Grand Total: 108 creatures vanquished

Notes
Turn   | Place    | Note
-------+----------+-------------------------------------------
     0 | D:1      | Darius099 the Gargoyle Fighter began the quest for the Orb.
     0 | D:1      | Reached XP level 1. HP: 14/14 MP: 1/1
   133 | D:1      | Reached XP level 2. HP: 16/19 MP: 2/2
   508 | D:1      | Reached XP level 3. HP: 19/23 MP: 3/3
  1345 | D:2      | Noticed Sigmund
  1367 | D:2      | Killed Sigmund
  1368 | D:2      | Reached skill level 4 in Armour
  1368 | D:2      | Reached XP level 4. HP: 5/30 MP: 4/4
  1368 | D:2      | Reached XP level 5. HP: 5/34 MP: 5/5
  1821 | D:3      | Found a faded altar of an unknown god.
  1853 | D:3      | Found a glowing drain.
  2195 | Sewer    | Entered a sewer
  2252 | Sewer    | Reached XP level 6. HP: 26/39 MP: 6/6
  2772 | D:3      | You fall into a shaft and drop 1 floor!
  3048 | D:4      | Reached skill level 5 in Armour
  3129 | D:4      | HP: 2/40 [adder (1)]
  3130 | D:4      | Slain by an orc wizard

Illustrated notes

Levels and vault maps discovered:
D:1:      dpeg_arrival_boxorama, layout_basic
D:2:      layout_loops_corners, uniq_sigmund
D:3:      minmay_goblin_kobold_castle, layout_loops_corners,
          dilly_ecumenical_altar_fadedgnrine, portal_sewer_entry_b,
          minmay_cut_off
D:4:      lemuel_castle_with_subvaults [lemuel_castle_interior_carwin_1],
          layout_cave_pools, uniq_crazy_yiuf_cottage

Skill      XL: |  1  2  3  4  5  6 |
---------------+-------------------+-----
Fighting       | 4 |  4.9
Maces & Flails | 3 |  3.8
Armour         | 4 5 |  5.0
Shields        | 4 |  4.9

Action                   |  1- 3 |  4- 6 || total
-------------------------+-------+-------++-------
Melee: Flail             |   120 |   305 ||   425
Armor: Scale mail        |    97 |   120 ||   217
       Chain mail        |       |   150 ||   150
Dodge: Dodged            |    94 |   166 ||   260
Block: Buckler           |    26 |    92 ||   118

Table legend: (Time is in decaauts)
 A = Elapsed time spent in this place.
 B = Non-inter-level travel time spent in this place.
 C = Inter-level travel time spent in this place.
 D = Time resting spent in this place.
 E = Time spent auto-exploring this place.
 F = Levels seen in this place.
 G = Mean time per level.
                   A        B        C        D        E       F      G
               +--------+--------+--------+--------+--------+-----+--------+
         Total |   3313 |   3168 |    145 |    111 |   1806 |   5 |  662.6 |
       Dungeon |   2665 |   2520 |    145 |    111 |   1588 |   4 |  666.2 |
         Sewer |    647 |    647 |      0 |      0 |    217 |   1 |  647.0 |
               +--------+--------+--------+--------+--------+-----+--------+

Top non-repeatable levels by time:
     D:2: 1061 daAuts
   Sewer: 647 daAuts
     D:1: 641 daAuts
     D:3: 574 daAuts
     D:4: 388 daAuts
